TOP OF THE 1ST |
Mobile BayBears batting - Pitching for San Antonio Missions : RHP Nick Cunningham
|
Pitching: RHP Nick Cunningham
|
|
Batting: LHB Koson Hirai
|
0-0: Ball 1-0: Ground out 5-3 (Groundball, 6, EV 79.4 MPH)
|
Batting: RHB Yasuo Nakata
|
0-0: Ground out 6-3 (Groundball, 6, EV 106.9 MPH)
|
Batting: LHB Soo-yeon Kym
|
0-0: Called Strike 0-1: Ground out 6-3 (Groundball, 6, EV 105.6 MPH)
|
Top of the 1st over - 0 runs, 0 hits, 0 errors, 0 left on base; Mobile 0 - San Antonio 0 |
BOTTOM OF THE 1ST |
San Antonio Missions batting - Pitching for Mobile BayBears : LHP Jesus Gallegos
|
Pitching: LHP Jesus Gallegos
|
|
Batting: RHB Dave McBain
|
0-0: Ball 1-0: Ball 2-0: Fly out, F6 (Popup, 4MS, EV 60.0 MPH)
|
Batting: RHB Freddie Brown
|
0-0: Ball 1-0: Called Strike 1-1: SINGLE (Line Drive, 34D, EV 103.1 MPH)
|
Batting: RHB Mike Maserang
|
0-0: Grounds into double play, 6-4-3 (Groundball, 6, EV 91.9 MPH)
|
Bottom of the 1st over - 0 runs, 1 hit, 0 errors, 0 left on base; Mobile 0 - San Antonio 0 |
TOP OF THE 2ND |
Mobile BayBears batting - Pitching for San Antonio Missions : RHP Nick Cunningham
|
Batting: RHB Blake Beale
|
0-0: Ball 1-0: Ground out U3 (Groundball, 34S, EV 77.5 MPH)
|
Batting: RHB Josh Burrows
|
0-0: Ball 1-0: Foul Ball, location: 2F 1-1: Ball 2-1: Foul Ball, location: 2F 2-2: Strikes out swinging
|
Batting: RHB Will Washburn
|
0-0: SINGLE (Groundball, 56D, EV 102.5 MPH)
|
Batting: RHB Franklin Villanueva
|
0-0: Called Strike 0-1: Ball 1-1: Fielders Choice at 2nd, 6-4 (Groundball, 6, EV 96.2 MPH)
|
Top of the 2nd over - 0 runs, 1 hit, 0 errors, 1 left on base; Mobile 0 - San Antonio 0 |
BOTTOM OF THE 2ND |
San Antonio Missions batting - Pitching for Mobile BayBears : LHP Jesus Gallegos
|
Batting: RHB John Freeman
|
0-0: Called Strike 0-1: Ball 1-1: Swinging Strike 1-2: Ball 2-2: Ball 3-2: Fly out, F7 (Flyball, 78S, EV 80.0 MPH)
|
Batting: RHB Cesar Ortega
|
0-0: Ball 1-0: Ball 2-0: Called Strike 2-1: Swinging Strike 2-2: Fly out, F8 (Flyball, 78M, EV 88.1 MPH)
|
Batting: RHB Jaden Scott
|
0-0: Called Strike 0-1: Ball 1-1: Swinging Strike 1-2: Strikes out looking
|
Bottom of the 2nd over - 0 runs, 0 hits, 0 errors, 0 left on base; Mobile 0 - San Antonio 0 |
TOP OF THE 3RD |
Mobile BayBears batting - Pitching for San Antonio Missions : RHP Nick Cunningham
|
Batting: RHB Paul Schreiber
|
0-0: Foul Ball, location: 2F 0-1: Ball 1-1: Foul Ball, location: 2F 1-2: Ball 2-2: Strikes out looking
|
Batting: RHB Jeremy Adams
|
0-0: Ball 1-0: Fly out, F8 (Flyball, 8LM, EV 86.2 MPH)
|
Batting: LHB Koson Hirai
|
0-0: Swinging Strike 0-1: Ball 1-1: Ground out 4-3 (Groundball, 13, EV 81.9 MPH)
|
Top of the 3rd over - 0 runs, 0 hits, 0 errors, 0 left on base; Mobile 0 - San Antonio 0 |
BOTTOM OF THE 3RD |
San Antonio Missions batting - Pitching for Mobile BayBears : LHP Jesus Gallegos
|
Batting: RHB Adrian Martinelli
|
0-0: Ball 1-0: Called Strike 1-1: Ball 2-1: Foul Ball, location: 2F 2-2: Ball 3-2: Ground out 5-3 (Groundball, 5S, EV 84.4 MPH)
|
Batting: LHB Teko van de Sande
|
0-0: Ball 1-0: Ball 2-0: Ball 3-0: Called Strike 3-1: Foul Ball, location: 2F 3-2: Strikes out swinging, 2-3 out at first.
|
Batting: LHB Josh Slusarczyk
|
0-0: Foul Ball, location: 2F 0-1: Ball 1-1: Swinging Strike 1-2: Ball 2-2: Strikes out swinging
|
Bottom of the 3rd over - 0 runs, 0 hits, 0 errors, 0 left on base; Mobile 0 - San Antonio 0 |
TOP OF THE 4TH |
Mobile BayBears batting - Pitching for San Antonio Missions : RHP Nick Cunningham
|
Batting: RHB Yasuo Nakata
|
0-0: DOUBLE (Line Drive, 9LS, EV 105.6 MPH)
|
Batting: LHB Soo-yeon Kym
|
0-0: Fly out, F9 (Flyball, 9, EV 83.1 MPH) Runner from 2nd tags up, SAFE at 3rd with throw by RF
|
Batting: RHB Blake Beale
|
0-0: Called Strike 0-1: Ball 1-1: Swinging Strike 1-2: Foul Ball, location: 2F 1-2: Foul Ball, location: 2F 1-2: DOUBLE (Line Drive, 89M, EV 101.2 MPH) Yasuo Nakata scores
|
Batting: RHB Josh Burrows
|
0-0: Called Strike 0-1: Ball 1-1: Called Strike 1-2: Ball 2-2: Strikes out swinging
|
Batting: RHB Will Washburn
|
0-0: Ball 1-0: Ball 2-0: Called Strike 2-1: Ball 3-1: Ground out 4-3 (Groundball, 4, EV 83.1 MPH)
|
Top of the 4th over - 1 run, 2 hits, 0 errors, 1 left on base; Mobile 1 - San Antonio 0 |
BOTTOM OF THE 4TH |
San Antonio Missions batting - Pitching for Mobile BayBears : LHP Jesus Gallegos
|
Batting: RHB Dave McBain
|
0-0: Swinging Strike 0-1: Foul Ball, location: 2F 0-2: Ball 1-2: Fly out, F8 (Flyball, 8RD, EV 91.2 MPH)
|
Batting: RHB Freddie Brown
|
0-0: Ball 1-0: Ball 2-0: Ball 3-0: Called Strike 3-1: Base on Balls
|
Batting: RHB Mike Maserang
|
0-0: Called Strike 0-1: Called Strike 0-2: Ball Freddie Brown steals 2nd base 1-2: Foul Ball, location: 2F 1-2: Ball 2-2: Fly out, F1 (Line Drive, P, EV 71.2 MPH)
|
Batting: RHB John Freeman
|
0-0: Ball 1-0: Ball 2-0: Ground out 4-3 (Groundball, 34, EV 100.0 MPH)
|
Bottom of the 4th over - 0 runs, 0 hits, 0 errors, 1 left on base; Mobile 1 - San Antonio 0 |
TOP OF THE 5TH |
Mobile BayBears batting - Pitching for San Antonio Missions : RHP Nick Cunningham
|
Batting: RHB Franklin Villanueva
|
0-0: Foul Ball, location: 2F 0-1: Ball 1-1: Foul Ball, location: 2F 1-2: Ground out 5-3 (Groundball, 56S, EV 82.5 MPH)
|
Batting: RHB Paul Schreiber
|
0-0: Ball 1-0: Ball 2-0: Swinging Strike 2-1: Foul Ball, location: 2F 2-2: Strikes out swinging
|
Batting: RHB Jeremy Adams
|
0-0: Ball 1-0: Ball 2-0: Ball 3-0: Base on Balls
|
Batting: LHB Koson Hirai
|
0-0: Ball 1-0: Foul Ball, location: 2F 1-1: Ball 2-1: Foul Ball, location: 2F 2-2: Ground out 4-3 (Groundball, 34D, EV 79.4 MPH)
|
Top of the 5th over - 0 runs, 0 hits, 0 errors, 1 left on base; Mobile 1 - San Antonio 0 |
BOTTOM OF THE 5TH |
San Antonio Missions batting - Pitching for Mobile BayBears : LHP Jesus Gallegos
|
Batting: RHB Cesar Ortega
|
0-0: Ball 1-0: Foul Ball, location: 2F 1-1: Foul Ball, location: 2F 1-2: Foul Ball, location: 2F 1-2: Ball 2-2: Strikes out swinging
|
Batting: RHB Jaden Scott
|
0-0: Called Strike 0-1: Fly out, F8 (Flyball, 8LD, EV 98.1 MPH)
|
Batting: RHB Adrian Martinelli
|
0-0: Called Strike 0-1: Ball 1-1: Swinging Strike 1-2: Foul Ball, location: 2F 1-2: Foul Ball, location: 2F 1-2: DOUBLE (Line Drive, 5D, EV 95.0 MPH)
|
Batting: LHB Teko van de Sande
|
0-0: Ball 1-0: Ball 2-0: Ball 3-0: Called Strike 3-1: SINGLE (Line Drive, 9S, EV 104.4 MPH) Adrian Martinelli to third Runner from 3rd tries for Home, SAFE, throw by RF to home Teko van de Sande to second
|
Batting: LHB Josh Slusarczyk
|
0-0: Ball 1-0: Fly out, F8 (Flyball, 8LD, EV 99.4 MPH)
|
Bottom of the 5th over - 1 run, 2 hits, 0 errors, 1 left on base; Mobile 1 - San Antonio 1 |
TOP OF THE 6TH |
Mobile BayBears batting - Pitching for San Antonio Missions : RHP Nick Cunningham
|
Pitching: RHP Moby Cock
|
|
Batting: RHB Yasuo Nakata
|
0-0: Ball 1-0: Called Strike 1-1: Ground out 1-3 (Groundball, 15, EV 72.5 MPH)
|
Batting: LHB Soo-yeon Kym
|
0-0: Ball 1-0: Called Strike 1-1: Fly out, F9 (Line Drive, 89M, EV 107.5 MPH)
|
Batting: RHB Blake Beale
|
0-0: Called Strike 0-1: Foul Ball, location: 2F 0-2: Ball 1-2: Ball 2-2: Strikes out swinging
|
Top of the 6th over - 0 runs, 0 hits, 0 errors, 0 left on base; Mobile 1 - San Antonio 1 |
BOTTOM OF THE 6TH |
San Antonio Missions batting - Pitching for Mobile BayBears : LHP Jesus Gallegos
|
Batting: RHB Dave McBain
|
0-0: Called Strike 0-1: Ball 1-1: Foul Ball, location: 2F 1-2: Fly out, F8 (Line Drive, 8RD, EV 96.9 MPH)
|
Batting: RHB Freddie Brown
|
0-0: Ball 1-0: Fly out, F8 (Flyball, 8LM, EV 89.4 MPH)
|
Batting: RHB Mike Maserang
|
0-0: Ball 1-0: Called Strike 1-1: Swinging Strike 1-2: Strikes out swinging
|
Bottom of the 6th over - 0 runs, 0 hits, 0 errors, 0 left on base; Mobile 1 - San Antonio 1 |
TOP OF THE 7TH |
Mobile BayBears batting - Pitching for San Antonio Missions : RHP Moby Cock
|
Batting: RHB Josh Burrows
|
0-0: Called Strike 0-1: Ball 1-1: Foul Ball, location: 2F 1-2: Fly out, F9 (Flyball, 89M, EV 88.1 MPH)
|
Batting: RHB Will Washburn
|
0-0: Ball 1-0: Fly out, F9 (Flyball, 9LS, EV 89.4 MPH)
|
Batting: RHB Franklin Villanueva
|
0-0: Called Strike 0-1: Foul Ball, location: 2F 0-2: Ground out 6-3 (Groundball, 6M, EV 80.0 MPH)
|
Top of the 7th over - 0 runs, 0 hits, 0 errors, 0 left on base; Mobile 1 - San Antonio 1 |
BOTTOM OF THE 7TH |
San Antonio Missions batting - Pitching for Mobile BayBears : LHP Jesus Gallegos
|
Batting: RHB John Freeman
|
0-0: Called Strike 0-1: Ball 1-1: Fly out, F8 (Flyball, 8RD, EV 101.9 MPH)
|
Pitching: LHP Heath Henderson
|
|
Batting: RHB Cesar Ortega
|
0-0: SINGLE (Line Drive, 89S, EV 97.5 MPH)
|
Batting: RHB Jaden Scott
|
0-0: Fly out, F9 (Flyball, 89D, EV 93.1 MPH)
|
Batting: RHB Adrian Martinelli
|
0-0: Ball Cesar Ortega steals 2nd base 1-0: Called Strike 1-1: Ball 2-1: Fly out, F9 (Flyball, 9D, EV 93.8 MPH)
|
Bottom of the 7th over - 0 runs, 1 hit, 0 errors, 1 left on base; Mobile 1 - San Antonio 1 |
TOP OF THE 8TH |
Mobile BayBears batting - Pitching for San Antonio Missions : RHP Moby Cock
|
Pitching: RHP Colin Dorsey
|
|
Pinch Hitting: LHB T.J. Duvall
|
0-0: Ball 1-0: Ball 2-0: Ground out 5-3 (Groundball, 56S, EV 84.4 MPH)
|
Batting: RHB Jeremy Adams
|
0-0: Called Strike 0-1: Ball 1-1: Ball 2-1: Foul Ball, location: 2F 2-2: Ball 3-2: Base on Balls
|
Batting: LHB Koson Hirai
|
0-0: Fly out, F8 (Flyball, 8LD, EV 108.8 MPH)
|
Batting: RHB Yasuo Nakata
|
0-0: Fly out, F4 (Line Drive, 4, EV 68.1 MPH)
|
Top of the 8th over - 0 runs, 0 hits, 0 errors, 1 left on base; Mobile 1 - San Antonio 1 |
BOTTOM OF THE 8TH |
San Antonio Missions batting - Pitching for Mobile BayBears : LHP Heath Henderson
|
Now in RF: Chris Bittner
|
|
Pinch Hitting: RHB Roberto Monzon
|
0-0: Foul Ball, location: 2F 0-1: Called Strike 0-2: Foul Ball, location: 2F 0-2: Ball 1-2: Fly out, F5 (Popup, 5SF, EV 72.5 MPH)
|
Batting: LHB Josh Slusarczyk
|
0-0: Called Strike 0-1: Foul Ball, location: 2F 0-2: Ball 1-2: Strikes out swinging
|
Batting: RHB Dave McBain
|
0-0: Ball 1-0: Called Strike 1-1: SINGLE (Line Drive, 6MD, EV 96.9 MPH)
|
Batting: RHB Freddie Brown
|
0-0: Ground out 4-3 (Groundball, 4, EV 84.4 MPH)
|
Bottom of the 8th over - 0 runs, 1 hit, 0 errors, 1 left on base; Mobile 1 - San Antonio 1 |
TOP OF THE 9TH |
Mobile BayBears batting - Pitching for San Antonio Missions : RHP Colin Dorsey
|
Pitching: LHP Ismael Diaz
|
|
Now at 2B: Roberto Monzon
|
|
Batting: LHB Soo-yeon Kym
|
0-0: Foul Ball, location: 2F 0-1: Ball 1-1: Fly out, F7 (Flyball, 7, EV 94.4 MPH)
|
Batting: RHB Blake Beale
|
0-0: Ball 1-0: Called Strike 1-1: Ball 2-1: Swinging Strike 2-2: Foul Ball, location: 2F 2-2: Strikes out swinging
|
Batting: RHB Josh Burrows
|
0-0: Ball 1-0: Ball 2-0: Foul Ball, location: 2F 2-1: Ball 3-1: Called Strike 3-2: SINGLE (Line Drive, 8RS, EV 86.9 MPH)
|
Batting: RHB Will Washburn
|
0-0: DOUBLE (Line Drive, 89D, EV 104.4 MPH) Josh Burrows to third Runner from 3rd tries for Home, SAFE, throw by CF to home
|
Batting: RHB Franklin Villanueva
|
0-0: Called Strike 0-1: Ball 1-1: Ball 2-1: Ball 3-1: Base on Balls
|
Batting: RHB Chris Bittner
|
0-0: Ball 1-0: Swinging Strike 1-1: Ball 2-1: Fly out, F9 (Flyball, 89S, EV 84.4 MPH)
|
Top of the 9th over - 1 run, 2 hits, 0 errors, 2 left on base; Mobile 2 - San Antonio 1 |
BOTTOM OF THE 9TH |
San Antonio Missions batting - Pitching for Mobile BayBears : LHP Heath Henderson
|
Pitching: RHP Edwin Martinez
|
|
Batting: RHB Mike Maserang
|
0-0: Ground out 5-3 (Groundball, 56S, EV 71.2 MPH)
|
Pinch Hitting: LHB Matt Patnaude
|
0-0: Ball 1-0: Foul Ball, location: 2F 1-1: Ball 2-1: Ball 3-1: Swinging Strike 3-2: Strikes out swinging
|
Batting: RHB Cesar Ortega
|
0-0: Ball 1-0: Foul Ball, location: 2F 1-1: Fly out, F7 (Flyball, 7, EV 85.0 MPH)
|
Bottom of the 9th over - 0 runs, 0 hits, 0 errors, 0 left on base; Mobile 2 - San Antonio 1 |
|